 Dungeon Crawl Stone Soup version 0.12.2-7-g64ef654 (webtiles) character file.

15889 SinisterLaugh the Conjurer (level 12, -24/62 HPs)
             Began as a Tengu Conjurer on June 15, 2013.
             Was a Priest of Vehumet.
             Shot with an arrow by a centaur warrior (25 damage)
             ... on Level 12 of the Dungeon on June 19, 2013.
             The game lasted 03:06:41 (13894 turns).

SinisterLaugh the Conjurer (Tengu Conjurer)        Turns: 13894, Time: 03:06:41

HP -24/62        AC 10     Str 16      XL: 12   Next: 21%
MP  22/41        EV 12     Int 19      God: Vehumet [***...]
Gold 576         SH 10     Dex 14      Spells:  7 memorised, 17 levels left

Res.Fire  : + . .   See Invis. : +   H - +10,+5 hand axe of Ekauhoaq {freeze, rPois Res.Cold : . . . Warding : . G - +2 leather armour of the Six Spirits {Str+ Life Prot.: . . . Conserve : . M - +0 buckler
Res.Poison: +       Res.Corr.  : +   V - +2 wizard hat
Res.Elec. : .       Clarity    : .   w - +2 cloak
Sust.Abil.: . .     Spirit.Shd : .   (no gloves)
Res.Mut.  : .       Stasis     : .   (boots unavailable)
Res.Rott. : .       Ctrl.Telep.: .   P - amulet of resist corrosion
Saprovore : . . .   Flight     : .   j - ring of protection from fire
                                     r - ring of magical power

@: very slightly contaminated, quick, somewhat resistant to hostile
enchantments, unstealthy
A: able to fly, beak, talons 3
a: Fly, Renounce Religion


You were on level 12 of the Dungeon.
You worshipped Vehumet.
Vehumet was greatly pleased with you.
You were not hungry.

You visited 2 branches of the dungeon, and saw 14 of its levels.
You also visited: Bailey.

You collected 668 gold pieces.
You spent 112 gold pieces at shops.

Inventory:

Hand weapons
 H - the +10,+5 hand axe of Ekauhoaq (weapon) {freeze, rPois SInv}
   (You found it on level 5 of the Dungeon)

   It has been specially enchanted to freeze those struck by it, causing extra
   injury to most foes and up to double damage against particularly susceptible
   opponents.
   It can also slow down cold-blooded creatures.
   It protects you from poison.
   It enhances your eyesight.
 L - the +0,+5 whip "Byataagu" {drain, -Tele rElec rPois Stlth++}
   (You found it in a bailey)

   A truly terrible weapon, it drains the life of those it strikes.
   It insulates you from electricity.
   It protects you from poison.
   It prevents most forms of teleportation.
   It makes you much more stealthy.
 S - the +5,+2 short sword "Kiadgh" {vamp, Noisy +Rage rC++ MR SInv}
   (You found it on level 8 of the Dungeon)

   It inflicts no extra harm, but heals its wielder somewhat when it strikes a
   living foe.
   It greatly protects you from cold.
   It affects your resistance to hostile enchantments.
   It enhances your eyesight.
   It lets you go berserk.
   It makes noises.
 U - a +0,+0 demon blade of venom
Armour
 w - a +2 cloak (worn)
 D - a +0 leather armour of fire resistance
 G - the +2 leather armour of the Six Spirits (worn) {Str+5}
   (You found it on level 6 of the Dungeon)

   It affects your strength (+5).
 M - a +0 buckler (worn)
 V - a +2 wizard hat (worn)
Magical devices
 u - a wand of random effects (17)
 v - a wand of frost (10)
 O - a wand of cold (8)
 T - a wand of fireball (4) {unknown}
 Y - a wand of draining (8) {unknown}
Comestibles
 a - a meat ration
 b - 11 bread rations
 p - an orange
 Z - 6 beef jerkies
Scrolls
 f - 3 scrolls of recharging
 g - 2 scrolls of enchant armour
 q - a scroll of fear
 t - 2 scrolls of enchant weapon I
 x - 3 scrolls of remove curse
 B - 3 scrolls of fog
 J - 2 scrolls of magic mapping
 K - 2 scrolls of curse jewellery {unknown}
 N - a scroll of identify
 Q - 4 scrolls of teleportation
Jewellery
 i - an uncursed ring of life protection
 j - a ring of protection from fire (right hand)
 o - an uncursed ring of protection from cold
 r - a ring of magical power (left hand)
 y - a +2 ring of intelligence {unknown}
 P - an amulet of resist corrosion (around neck)
 W - an uncursed ring of flight {unknown}
Potions
 e - 5 potions of curing
 k - a potion of restore abilities {unknown}
 m - a potion of cure mutation {unknown}
 n - 2 potions of might {unknown}
 s - a potion of heal wounds
 z - a potion of resistance {unknown}
 A - a potion of flight {unknown}
 C - a potion of invisibility {unknown}
 I - a potion of gain intelligence {unknown}
 R - a potion of gain dexterity {unknown}
 X - a potion of brilliance {unknown}
Books
 c - a book of Conjurations

   Spells                             Type                      Level
   *Magic Dart                        Conjuration                  1
   *Force Lance                       Conjuration                  2
   Dazzling Spray                     Conjuration/Hexes            3
   Iskenderun's Mystic Blast          Conjuration                  4
   *Iskenderun's Battlesphere         Conjuration/Charms           4
   Fulminant Prism                    Conjuration/Hexes            5
 h - a book of Power

   Spells                             Type                      Level
   Iskenderun's Mystic Blast          Conjuration                  4
   Venom Bolt                         Conjuration/Poison           5
   Bolt of Magma                      Conjuration/Fire/Earth       5
   Poisonous Cloud                    Conjuration/Poison/Air       6
   Iron Shot                          Conjuration/Earth            6
   Orb of Destruction                 Conjuration                  7
 l - the Papyrus of Igneous Buffs
   (You acquired it on level 7 of the Dungeon)

   Spells                             Type                      Level
   *Swiftness                         Charms/Air                   2
   Fire Brand                         Charms/Fire                  2
   Sure Blade                         Hexes/Charms                 2
   *Bolt of Fire                      Conjuration/Fire             6
   Ring of Flames                     Charms/Fire                  7
 F - a book of Alchemy

   Spells                             Type                      Level
   Lethal Infusion                    Charms/Necromancy            2
   Sublimation of Blood               Necromancy                   2
   Condensation Shield                Ice                          4
   Alistair's Intoxication            Transmutation/Poison         4
   Petrify                            Transmutation/Earth          4
   Ignite Poison                      Fire/Transmutation           5
Magical staves
 d - an uncursed staff of death {unknown}


   Skills:
 - Level 3.2 Fighting
 - Level 1.0 Axes
 - Level 3.2 Dodging
 - Level 4.2 Stealth
 - Level 3.0 Shields
 - Level 2.0 Traps
 - Level 12.0 Spellcasting
 + Level 14.5 Conjurations
 + Level 2.1 Charms
 - Level 7.6 Fire Magic
 + Level 2.2 Air Magic
 - Level 2.4 Evocations


You had 17 spell levels left.
You knew the following spells:

 Your Spells              Type           Power        Failure   Level  Hunger
a - Magic Dart            Conj           #####        1%          1    None
b - Force Lance           Conj           #######      1%          2    None
c - Iskenderun's Battles  Conj/Chrm      ######...    1%          4    ##.....
d - Swiftness             Chrm/Air       ####......   8%          2    None
e - Bolt of Fire          Conj/Fire      #######...   4%          6    ######.
f - Sting                 Conj/Pois      #####        1%          1    None
g - Throw Flame           Conj/Fire      #######      1%          2    None


Dungeon Overview and Level Annotations

Branches:
Dungeon (13/27)            Temple (1/1) D:6             Orc (0/4) D:6
   Lair: D:8-13

Altars:
Cheibriados
Elyvilon
Fedhas
Kikubaaqudgha
Makhleb
Nemelex Xobeh
Okawaru
Sif Muna
Trog
Vehumet
Xom
Yredelemnul
Zin
the Shining One

Shops:
D:4: + D:7: * D:10: + D:12: (

Annotations
D:4 book shop with necronomicon
D:12 items on D11


Innate Abilities, Weirdness & Mutations

You can fly.
You have a beak for a mouth.
You have claws for feet.


Message History

A red ugly thing comes into view.
You swap places.
The centaur warrior shoots an arrow.
The arrow hits your battlesphere.
Your battlesphere is destroyed!
Drink which item? (? for menu, Esc to quit)
You feel much better.
The centaur warrior shoots an arrow.
The arrow hits you!
The centaur warrior shoots an arrow.
The arrow hits you!
* * * LOW HITPOINT WARNING * * *
Read which item? (? for menu, Esc to quit)
Blink to where?
Press: ? - help, Dir - move target cursor, p - centaur warrior
As you read the scroll of blinking, it crumbles to dust.
You are very lightly contaminated with residual magic.
Drink which item? (? for menu, Esc to quit)
You feel much better. A bolt shoots out and hits you!
Ouch! That really hurt!
* * * LOW HITPOINT WARNING * * *
The centaur warrior shoots an arrow.
The arrow hits you!
You die...

#......#.......##.# ######
#......#.......##.# #....#
#....##..(....##.# #....#
#.%..#####.#####.#
#....######....# #.# #.#
####.......%......# #.# #.#
......[.#.c.%...∩.# #.# #.#
###.#'###(###.....# #.# #.# #
#.# #§#.....@.# #.# #.# #.#
#.#.###'### ###'## #.#
#.###(#.###.#####....####.#
u>.u.c.c...........'.....^...#
.######.#.....#####....######
#.####### #....# #.# ###.##
#.# #)# #.# #.#


You could see a centaur warrior.

Vanquished Creatures
  Gastronok (D:9)
  A hydra (D:10)
  5 hill giants
  A cyclops (D:12)
  A flaming corpse (D:9)
  The ghost of Turgon the Chucker, an experienced TrWz (D:7)
  A hill giant zombie (D:11)
  A hill giant skeleton (D:10)
  A two-headed ogre (D:11)
  2 wyverns (D:8)
  3 fire vortices (D:9)
  2 hungry ghosts
  2 hippogriffs
  Edmund (D:4)
  A soldier ant (D:10)
  2 cyclops zombies
  A manticore (D:8)
  8 orc warriors
  A cyclops skeleton (D:11)
  A hippogriff zombie (D:8)
  10 ogres
  2 ice beasts
  5 sky beasts
  2 troll zombies (D:6)
  A giant goldfish (D:10)
  3 phantoms (D:6)
  2 troll skeletons
  Duvessa (D:7)
  5 giant frogs
  3 centaurs
  A giant frog skeleton (D:4)
  A gnoll sergeant (D:7)
  2 big kobolds (D:11)
  A yellow wasp zombie (D:6)
  An eye of draining (D:12)
  25 killer bees
  A killer bee zombie (D:10)
  4 fire bats (D:9)
  A goliath beetle (D:9)
  Dowan (D:7)
  3 ogre zombies (D:6)
  An ogre skeleton (D:7)
  12 crimson imps
  3 iguanas
  A big kobold skeleton (D:9)
  2 orc priests
  A quasit (D:10)
  5 hounds
  4 orc wizards (D:7)
  14 worker ants
  A worker ant zombie (D:6)
  2 scorpions
  A jelly (D:6)
  Jessica (D:2)
  2 mummies (D:11)
  13 adders
  7 gnolls (D:7)
  An adder skeleton (D:4)
  2 giant mites
  An iguana skeleton (D:5)
  3 worms
  2 giant eyeballs
  A gnoll skeleton (D:7)
  4 giant geckos
  An ooze (D:4)
  29 orcs
  12 bats
  7 giant cockroaches
  13 goblins
  13 hobgoblins
  4 jackals (D:6)
  26 kobolds
  2 quokkas
  3 ball pythons
  6 giant newts
  A goblin skeleton (D:6)
  3 goblin zombies (D:6)
  2 hobgoblin skeletons (D:6)
  A hobgoblin zombie (D:6)
  An orc skeleton (D:6)
  10 orc zombies (D:6)
  13 rats
  A rat zombie (D:5)
344 creatures vanquished.

Vanquished Creatures (others)
  An orc zombie (D:6)
1 creature vanquished.

Grand Total: 345 creatures vanquished

Notes
Turn   | Place    | Note
--------------------------------------------------------------
     0 | D:1      | SinisterLaugh, the Tengu Conjurer, began the quest for the Orb.
     0 | D:1      | Reached XP level 1. HP: 10/10 MP: 3/3
   212 | D:1      | Reached XP level 2. HP: 15/15 MP: 5/5
   216 | D:1      | Learned a level 2 spell: Force Lance
   809 | D:2      | Reached XP level 3. HP: 19/19 MP: 5/8
   837 | D:2      | Noticed Jessica
   842 | D:2      | Killed Jessica
  1194 | D:3      | Reached XP level 4. HP: 24/24 MP: 6/10
  1200 | D:3      | Learned a level 4 spell: Iskenderun's Battlesphere
  1259 | D:3      | Found a bloodstained altar of Trog.
  1819 | D:4      | Found Guerutez's Book Shop.
  1863 | D:4      | Noticed a giant frog
  1939 | D:4      | Killed a giant frog
  1939 | D:4      | Reached skill level 1 in Charms
  1939 | D:4      | Reached XP level 5. HP: 12/28 MP: 1/13
  2219 | D:4      | Reached skill level 6 in Conjurations
  2219 | D:4      | Reached XP level 6. HP: 20/32 MP: 6/15
  2573 | D:4      | Noticed Edmund
  2602 | D:5      | Entered Level 5 of the Dungeon
  2769 | D:5      | Reached skill level 7 in Conjurations
  3361 | D:5      | Reached XP level 7. HP: 36/36 MP: 5/18
  3691 | D:5      | Reached skill level 1 in Evocations
  3733 | D:5      | Got a shimmering hand axe
  3734 | D:5      | Identified the hand axe of Ekauhoaq {freeze, rPois SInv} (You found it on level 5 of the Dungeon)
  3765 | D:5      | Noticed a hill giant
  3923 | D:6      | Reached skill level 5 in Spellcasting
  3923 | D:6      | Reached skill level 8 in Conjurations
  4119 | D:6      | Reached skill level 1 in Axes
  4131 | D:6      | Found a staircase to the Orcish Mines.
  4223 | D:5      | Reached XP level 8. HP: 41/41 MP: 15/21
  4326 | D:5      | Reached skill level 1 in Traps
  4365 | D:4      | Killed Edmund
  4671 | D:6      | Got an amber-encrusted leather armour
  4679 | D:6      | Identified the +2 leather armour of the Six Spirits {Str+5} (You found it on level 6 of the Dungeon)
  4692 | D:6      | Found a glowing golden altar of the Shining One.
  4777 | D:6      | Reached skill level 9 in Conjurations
  5217 | D:6      | Reached skill level 1 in Fighting
  5239 | D:6      | Reached XP level 9. HP: 22/47 MP: 2/23
  5420 | D:6      | Noticed a hungry ghost
  5426 | D:6      | Killed a hungry ghost
  5439 | D:6      | Reached skill level 10 in Conjurations
  5747 | D:6      | Noticed a hippogriff
  5753 | D:6      | Killed a hippogriff
  6512 | D:7      | Reached skill level 11 in Conjurations
  6779 | D:7      | Found a flagged portal.
  6867 | Bailey   | Entered a bailey
  7088 | Bailey   | Reached XP level 10. HP: 53/53 MP: 12/25
  7425 | Bailey   | Got a blackened plate armour
  7427 | Bailey   | Got an ivory whip
  7459 | Bailey   | Identified the whip "Byataagu" {drain, -Tele rElec rPois Stlth++} (You found it in a bailey)
  7495 | Bailey   | Identified the +0 plate armour of Space {Str+3 Dex+2} (You found it in a bailey)
  7716 | D:7      | Found Sigul's Assorted Antiques.
  7733 | D:7      | Bought a scroll labeled OGIACOMMOHIE for 28 gold pieces
  7733 | D:7      | Bought a potion of heal wounds for 84 gold pieces
  7735 | D:7      | Got a rare book
  7736 | D:7      | Identified the Papyrus of Igneous Buffs (You acquired it on level 7 of the Dungeon)
  7739 | D:7      | Learned a level 2 spell: Swiftness
  7746 | D:7      | Learned a level 6 spell: Bolt of Fire
  7932 | D:7      | Noticed Dowan
  7933 | D:7      | Noticed Duvessa
  7938 | D:7      | Killed Duvessa
  7939 | D:7      | Noticed Turgon's ghost (experienced TrWz)
  7942 | D:7      | Killed Dowan
  7942 | D:7      | Reached skill level 1 in Air Magic
  7979 | D:6      | Reached skill level 1 in Fire Magic
  8079 | D:7      | Killed Turgon's ghost
  8397 | D:6      | Found a staircase to the Ecumenical Temple.
  8403 | Temple   | Entered the Ecumenical Temple
  8517 | Temple   | Became a worshipper of Vehumet
  8616 | D:8      | Reached skill level 12 in Conjurations
  8877 | D:8      | Got a bloodstained short sword
  8880 | D:8      | Identified the +5,+2 short sword "Kiadgh" {vamp, Noisy +Rage rC++ MR SInv} (You found it on level 8 of the Dungeon)
  9270 | D:8      | Acquired Vehumet's first power
  9270 | D:8      | Offered knowledge of Sting by Vehumet.
  9285 | D:8      | Learned a level 1 spell: Sting
  9737 | D:8      | Reached skill level 5 in Fire Magic
  9946 | D:9      | Noticed Gastronok
 10022 | D:9      | Killed Gastronok
 10022 | D:9      | Reached XP level 11. HP: 41/57 MP: 1/29
 10270 | D:9      | Found a radiant altar of Vehumet.
 10330 | D:9      | Paralysed by a giant eyeball for 4 turns
 10465 | D:9      | Noticed a flaming corpse
 10491 | D:9      | Reached skill level 13 in Conjurations
 10533 | D:9      | Killed a flaming corpse
 10783 | D:10     | Entered Level 10 of the Dungeon
 10814 | D:10     | Reached skill level 10 in Spellcasting
 10829 | D:10     | Found Deuwir's Book Boutique.
 11185 | D:10     | Noticed a hill giant
 11204 | D:10     | Killed a hill giant
 11291 | D:10     | Noticed a hill giant
 11331 | D:10     | Killed a hill giant
 11586 | D:11     | Upgraded the game from 0.12.2-6-g2b2ad49 to 0.12.2-7-g64ef654
 11674 | D:11     | Noticed a hill giant
 11707 | D:11     | Killed a hill giant
 11926 | D:11     | Offered knowledge of Shock by Vehumet.
 12157 | D:12     | Reached skill level 14 in Conjurations
 12360 | D:11     | Noticed a hill giant
 12399 | D:10     | Noticed an eight-headed hydra
 12736 | D:10     | Killed an eight-headed hydra
 12736 | D:10     | Reached XP level 12. HP: 62/62 MP: 32/32
 12779 | D:11     | Killed a hill giant
 13283 | D:12     | Reached skill level 1 in Shields
 13505 | D:12     | Offered knowledge of Throw Flame by Vehumet.
 13509 | D:12     | Learned a level 2 spell: Throw Flame
 13751 | D:12     | Noticed a hill giant
 13755 | D:12     | Killed a hill giant
 13790 | D:12     | Found Joasaimarph's Weapon Emporium.
 13823 | D:12     | Acquired Vehumet's second power
 13873 | D:12     | Noticed a centaur warrior
 13894 | D:12     | HP: 1/62 [bolt trap (37)]
 13894 | D:12     | Shot with an arrow by a centaur warrior

Action                   |  1- 3 |  4- 6 |  7- 9 | 10-12 || total
-------------------------+-------+-------+-------+-------++-------
Melee: Unarmed           |     2 |       |       |       ||     2
       Dagger            |     4 |     4 |       |       ||     8
       Hand axe          |       |       |    37 |    30 ||    67
Throw: Dagger            |       |       |     1 |     1 ||     2
 Cast: Magic Dart        |    42 |   107 |   317 |   333 ||   799
       Force Lance       |     2 |    10 |     1 |     3 ||    16
       Iskenderun's Batt |       |     3 |    41 |    87 ||   131
       Sting             |       |       |       |   103 ||   103
       Swiftness         |       |       |       |    56 ||    56
       Bolt of Fire      |       |       |       |     4 ||     4
       Throw Flame       |       |       |       |    16 ||    16
 Abil: Fly               |       |       |     1 |     1 ||     2
Evoke: Wand              |       |       |       |     1 ||     1
  Use: Scroll            |     9 |     3 |     5 |    18 ||    35
       Potion            |       |     1 |     1 |     4 ||     6
